 Dungeon Crawl Stone Soup version 0.26-a0-1120-ga1b6d6fda9 (webtiles) character file.

Game seed: 9902780224299152151

100804 Stixsmaster the Bludgeoner (level 16, -5/108 HPs)
             Began as a Gargoyle Fighter on Dec 17, 2020.
             Was the Champion of Okawaru.
             Killed by drain life
             ... invoked by a soul eater
             ... summoned by an orc sorcerer
             ... led by an orc knight
              (7 damage)
             ... while paralysed by an orc sorcerer
             ... on level 1 of the Orcish Mines.
             The game lasted 01:35:32 (27126 turns).

Stixsmaster the Bludgeoner (Gargoyle Fighter)      Turns: 27126, Time: 01:35:33

Health: -5/108     AC: 54    Str: 32    XL:     16   Next: 28%
Magic:  21/21      EV:  2    Int: 15    God:    Okawaru [******]
Gold:   2206       SH:  0    Dex: 16    Spells: 21/21 levels left

rFire    + . .     SeeInvis +   w - +3 demon whip (protect)
rCold    + + .     Faith    .   c - +0 kite shield
rNeg     + . .     Spirit   .   S - +11 gold dragon scales of Hadjma {*Contam Rampage rPois rF+ rC+ Str+5}
rPois    ∞         Reflect  .   R - +2 helmet {Int+3}
rElec    +         Harm     .   a - +2 cloak {rF+}
rCorr    .         Rampage  +   t - +0 pair of gloves
Will     ++...                  H - +3 pair of boots of the Bells {rF- Int+3 Slay+3}
Stlth    ..........             T - amulet of a Million Ships {RegenMP rC+ Dex+7}
HPRegen  0.28/turn              m - ring of willpower
MPRegen  0.42/turn              f - ring of see invisible

@: paralysed
A: big wings, negative energy resistance 1, electricity resistance, unbreathing,
petrification resistance, miasma immunity, AC +12
a: Fly, Renounce Religion, Heroism, Finesse


You were on level 1 of the Orcish Mines.
You worshipped Okawaru.
Okawaru was exalted by your worship.
You visited 4 branches of the dungeon, and saw 23 of its levels.
You also visited: Bailey and Volcano.

You collected 2804 gold pieces.
You spent 598 gold pieces at shops.

Inventory:

Hand Weapons
 w - a +3 demon whip of protection (weapon)
Missiles
 G - 2 throwing nets
Armour
 a - a +2 cloak of fire resistance (worn)
 c - a +0 kite shield (worn)
 t - a +0 pair of gloves (worn)
 H - the +3 pair of boots of the Bells (worn) {rF- Int+3 Slay+3}
   (You acquired it on level 2 of the Orcish Mines)

   It affects your intelligence (+3).
   It affects your accuracy and damage with ranged weapons and melee attacks
   (+3).
   It makes you vulnerable to fire.
 R - a +2 helmet of intelligence (worn)
 S - the +11 gold dragon scales of Hadjma (worn) {*Contam Rampage rPois rF+ rC+ Str+5}
   (You found it in a bailey)

   It affects your strength (+5).
   It protects you from fire.
   It protects you from cold.
   It protects you from poison.
   It causes magical contamination when unequipped.
   It bestows one free step when moving towards enemies.
Jewellery
 f - a ring of see invisible (right hand)
 m - a ring of willpower (left hand)
 O - an uncursed ring of protection from cold
 T - the amulet of a Million Ships (around neck) {RegenMP rC+ Dex+7}
   (You found it in a bailey)

   [amulet of magic regeneration]

   It increases your magic regeneration.
   It affects your dexterity (+7).
   It protects you from cold.
 Z - an uncursed ring of fire
Wands
 u - a wand of disintegration (4)
 B - a wand of paralysis (19)
 E - a wand of polymorph (33)
 J - a wand of acid (21)
 Q - a wand of flame (44)
 U - a wand of iceblast (32)
 W - a wand of digging (4)
Scrolls
 e - 15 scrolls of identify
 g - 8 scrolls of remove curse
 j - 2 scrolls of enchant weapon
 q - 6 scrolls of teleportation
 r - 2 scrolls of amnesia
 C - 3 scrolls of blinking
 D - 2 scrolls of enchant armour
 F - 2 scrolls of magic mapping
 I - 2 scrolls of brand weapon
 L - 3 scrolls of random uselessness
Potions
 b - 5 potions of lignification
 d - 6 potions of might
 h - 2 potions of degeneration {unknown}
 l - 3 potions of invisibility
 n - 2 potions of attraction {unknown}
 o - 2 potions of haste {unknown}
 p - 3 potions of curing
 s - 3 potions of cancellation {unknown}
 v - 3 potions of ambrosia {unknown}
 x - 5 potions of mutation {unknown}
 z - 4 potions of flight {unknown}
 A - a potion of resistance
 M - 3 potions of berserk rage {unknown}
 N - 4 potions of brilliance {unknown}
 X - a potion of heal wounds
Miscellaneous
 i - a box of beasts
 y - a phantom mirror


   Skills:
 * Level 15.1 Fighting
 - Level 16.0 Maces & Flails
 + Level 0.6 Throwing
 + Level 12.0 Armour
 - Level 0.2 Dodging
 + Level 1.2 Stealth
 - Level 15.0 Shields
 + Level 0.2 Unarmed Combat
 * Level 3.1 Spellcasting
 * Level 7.3 Invocations


You had 21 spell levels left.
You didn't know any spells.
Your spell library contained the following spells:

 Spells                   Type           Power        Failure   Level
 Foxfire                  Conj/Fire      8%           98%         1
 Corpse Rot               Necr/Air       N/A          99%         2
 Ensorcelled Hibernation  Hex/Ice        4%           99%         2
 Stone Arrow              Conj/Erth      4%           100%        3
 Cause Fear               Hex            1%           100%        4
 Borgnjor's Vile Clutch   Necr/Erth      1%           100%        5
 Silence                  Hex/Air        1%           100%        5
 Summon Forest            Summ/Tloc      1%           100%        5
 Yara's Violent Unravell  Hex/Tmut       1%           100%        5
 Eringya's Noxious Bog    Tmut/Pois      1%           100%        6
 Hydra Form               Tmut           1%           100%        6
 Shadow Creatures         Summ           N/A          100%        6
 Dragon Form              Tmut           1%           100%        7
 Summon Hydra             Summ           1%           100%        7
 Discord                  Hex            1%           100%        8
 Dragon's Call            Summ           1%           100%        9


Dungeon Overview and Level Annotations

Branches:
Dungeon (14/15)            Temple (1/1) D:6            Lair (6/6) D:10
  Swamp (0/4) Lair:3        Snake (0/4) Lair:2        Slime (0/5) Lair:5
    Orc (2/2) D:12            Elf (0/3) Orc:2        Vaults (0/5) D:14
 Bailey (visited)         Volcano (visited)

Altars:
Ashenzari
Cheibriados
Dithmenos
Elyvilon
Fedhas
Gozag
Hepliaklqana
Kikubaaqudgha
Makhleb
Nemelex Xobeh
Okawaru
Qazlal
Ru
Sif Muna
Trog
Uskayaw
Vehumet
Wu Jian
Xom
Yredelemnul
Zin
The Shining One
Beogh

Shops:
D:5 [   D:6 *   D:14 }   Orc:2 ?!=?[

Portals:
Trove: D:12 (give 9 potions of haste)

Annotations:
Lair:6 exclusion: 4 oklob plants


Innate Abilities, Weirdness & Mutations

You are resistant to torment.
Your stone body is resilient. (AC +12)
You are immune to poison.
Your large and strong wings let you fly indefinitely.
You resist negative energy. (rN+)
You are resistant to electric shocks. (rElec)
You can survive without breathing.
You are immune to petrification.
You are immune to miasma.


Message History

The troll bites you but does no damage.
The troll claws you but does no damage. x2
The orc knight hits you but does no damage.
The gnoll hits you with a +0 club.
* * * LOW HITPOINT WARNING * * *
The orc sorcerer gestures wildly while chanting.
The orc hits you but does no damage.
The orc warrior hits you with a +0 mace.
* * * LOW HITPOINT WARNING * * *
The warg bites you but does no damage.
The orc knight hits you but does no damage.
The orc priest casts a cantrip, but nothing happens.
The ettin hits you but does no damage.
The ettin hits you with a +0 dire flail!
* * * LOW HITPOINT WARNING * * *
The troll bites you but does no damage. The troll barely misses you.
The troll claws you but does no damage. The warg bites you but does no damage.
The orc hits you but does no damage.
The orc knight hits you but does no damage.
The soul eater draws from the surrounding life force!
You die...

....#o......##
.o........ ..
............##
....3.... ...#
......ooo...#
....oooo#o.#
#...oohooo.##
.....oT@Co..#
#.#.ooo4oo...#
......ggg.....#
#........###...
.....#.#.# ..
#...... .. .
#.$. .. .#
##.##.. ##


You could see 2 orc knights, an ettin, a soul eater (summoned), a rust devil
(summoned), a troll, a warg, an orc sorcerer (strong), 5 orc warriors, 4 orc
priests, 3 gnolls and 10 orcs.

Vanquished Creatures
  The ghost of Univ the Warrior, a journeyman MiBe of Trog (Lair:6)
  An ettin (Orc:1)
  A fire dragon (D:14)
  Erolcha (Orc:2)
  A vault guard (D:14)
  A boulder beetle (D:13)
  5 centaur warriors
  5 two-headed ogres
  8 hydras
  12 death yaks
  7 catoblepae
  An ogre mage (D:13)
  A hell hog (D:14)
  Sonja (Orc:1)
  A wizard (D:14)
  5 orc knights
  A lindwurm (Lair:6)
  5 cyclopes
  A wolf spider (D:13)
  9 ugly things
  10 orc sorcerers
  5 manticores
  17 elephants
  Maurice (D:8)
  6 black mambas
  15 cane toads
  2 centaur skeletons
  A yaktaur (D:13)
  7 rime drakes
  6 komodo dragons
  A meliai (Lair:6)
  A queen bee (Lair:6)
  8 trolls
  3 hornets
  2 polar bears
  22 blink frogs
  3 slime creatures (D:12)
  10 dream sheep
  6 spriggans
  2 wraiths
  3 shadows
  3 fire bats (Volcano)
  4 basilisks
  A water elemental (D:13)
  5 wyverns
  64 yaks
  Eustachio (D:5)
  2 vampire mosquitoes (Lair:6)
  8 wargs
  24 water moccasins
  A hell hound (D:13)
  A floating eye (shapeshifter) (D:14)
  A swamp drake (Lair:3)
  22 orc warriors
  A black bear (Lair:2)
  6 sky beasts
  A hornet zombie (D:13)
  A necrophage (D:10)
  7 phantoms
  2 ice beasts
  13 ogres
  26 wolves
  12 centaurs
  Blork the orc (D:5)
  3 big kobolds
  24 bullfrogs
  2 wyvern zombies (D:11)
  A gnoll sergeant (D:6)
  2 wyvern skeletons
  2 scorpions
  A troll zombie (D:12)
  21 wights
  5 killer bees (Lair:6)
  2 jellies
  An electric eel (D:13)
  3 howler monkeys
  3 bullfrog zombies
  A centaur zombie (D:11)
  8 hounds
  41 orc wizards
  14 orc priests
  2 gnoll shamans
  5 iguanas
  10 worker ants
  5 ogre zombies (D:12)
  A hound zombie (D:11)
  A hound skeleton (D:10)
  A howler monkey skeleton (D:4)
  10 gnolls
  11 adders
  A shadow imp (D:8)
  2 white imps
  An ufetubus (D:8)
  2 oozes
  3 adder skeletons
  2 adder zombies
  2 worms
  5 leopard geckos
  109 orcs
  4 giant cockroaches
  9 goblins
  10 hobgoblins
  7 jackals
  6 quokkas
  4 ball pythons
  8 bats
  4 frilled lizards
  4 goblin zombies (D:12)
  2 hobgoblin zombies (D:12)
  17 kobolds
  A leopard gecko skeleton (D:7)
  A leopard gecko zombie (D:5)
  2 orc skeletons (D:12)
  11 orc zombies (D:12)
  10 rats
813 creatures vanquished.

Vanquished Creatures (others)
  An orc wizard (Orc:2)
  An orc (Orc:2)
  55 fungi
  84 plants
  5 toadstools (D:5)
146 creatures vanquished.

Grand Total: 959 creatures vanquished

Notes
Turn   | Place    | Note
-------+----------+-------------------------------------------
     0 | D:1      | Stixsmaster the Gargoyle Fighter began the quest for the
                  | Orb.
     0 | D:1      | Reached XP level 1. HP: 14/14 MP: 1/1
    42 | D:1      | Reached XP level 2. HP: 10/19 MP: 2/2
   544 | D:1      | Reached XP level 3. HP: 23/23 MP: 3/3
  1105 | D:2      | Reached skill level 3 in Maces & Flails
  1105 | D:2      | Reached XP level 4. HP: 28/28 MP: 4/4
  1885 | D:3      | Found a stormy altar of Qazlal.
  2048 | D:3      | Reached XP level 5. HP: 29/33 MP: 5/5
  2613 | D:4      | Noticed a phantom
  2644 | D:4      | Killed a phantom
  2645 | D:4      | Reached skill level 4 in Maces & Flails
  2645 | D:4      | Reached skill level 5 in Shields
  2645 | D:4      | Reached XP level 6. HP: 27/38 MP: 6/6
  2793 | D:4      | Found a hazy altar of Hepliaklqana.
  2793 | D:4      | Found a sparkling altar of Nemelex Xobeh.
  2794 | D:4      | Found a basalt altar of Yredelemnul.
  2916 | D:4      | Noticed a phantom
  2952 | D:4      | Killed a phantom
  2953 | D:4      | Reached XP level 7. HP: 25/44 MP: 7/7
  3146 | D:4      | Reached skill level 5 in Maces & Flails
  3302 | D:5      | Entered Level 5 of the Dungeon
  3322 | D:5      | Found Qadiludi's Antique Armour Shoppe.
  3322 | D:5      | Noticed Blork the orc
  3347 | D:5      | Killed Blork the orc
  3582 | D:5      | Noticed Eustachio
  3620 | D:5      | Killed Eustachio
  3621 | D:5      | Reached skill level 6 in Maces & Flails
  3670 | D:5      | Reached XP level 8. HP: 48/48 MP: 8/8
  4014 | D:5      | Reached skill level 5 in Fighting
  4590 | D:6      | Reached skill level 7 in Maces & Flails
  4597 | D:6      | Reached skill level 5 in Armour
  4865 | D:6      | Found a staircase to the Ecumenical Temple.
  4975 | D:5      | Reached skill level 8 in Maces & Flails
  5187 | D:6      | Reached XP level 9. HP: 54/54 MP: 9/9
  5201 | D:6      | Found Ycill's Assorted Antiques.
  5267 | Temple   | Entered the Ecumenical Temple
  5455 | Temple   | Became a worshipper of Warmaster Okawaru
  6383 | D:7      | Reached * piety under Okawaru
  6494 | D:7      | Found a white marble altar of Elyvilon.
  6801 | D:7      | Reached skill level 9 in Maces & Flails
  6982 | D:8      | Noticed a two-headed ogre
  6997 | D:7      | Killed a two-headed ogre
  6997 | D:7      | Reached ** piety under Okawaru
  6998 | D:7      | Reached XP level 10. HP: 7/61 MP: 10/10
  7688 | D:8      | Reached skill level 10 in Maces & Flails
  7746 | D:8      | Noticed Maurice
  8004 | D:8      | Reached *** piety under Okawaru
  8200 | D:8      | Killed Maurice
  8324 | D:8      | Reached skill level 1 in Stealth
  8450 | D:9      | Found a sparkling altar of Nemelex Xobeh.
  8603 | D:5      | Bought a shiny plate armour for 598 gold pieces
  8683 | D:10     | Entered Level 10 of the Dungeon
  8754 | D:9      | Reached **** piety under Okawaru
  9441 | D:10     | Reached XP level 11. HP: 61/68 MP: 11/11
  9616 | D:10     | Reached skill level 10 in Shields
  9654 | D:10     | Reached skill level 11 in Maces & Flails
  9661 | D:10     | Reached ***** piety under Okawaru
 10193 | D:10     | Found a staircase to the Lair.
 10373 | D:11     | Found the +2 ratskin cloak {*Rats rPois rN+ Str-1 Int-1
                  | Dex+1}
 10382 | D:11     | Noticed a cyclops
 10400 | D:11     | Killed a cyclops
 10652 | D:11     | Found a flagged portal.
 10672 | Bailey   | Entered a bailey
 10742 | Bailey   | Noticed an orc knight
 11016 | Bailey   | Got transparent gold dragon scales
 11018 | Bailey   | Got a transparent tin amulet
 11055 | Bailey   | Killed an orc knight
 11336 | D:10     | Identified the amulet of a Million Ships {RegenMP rC+
                  | Dex+7} (You found it in a bailey)
 11347 | D:10     | Identified the +11 gold dragon scales of Hadjma {*Contam
                  | Rampage rPois rF+ rC+ Str+5} (You found it in a bailey)
 11400 | D:11     | Noticed a seven-headed hydra
 11402 | D:11     | Noticed a cyclops
 11434 | D:10     | Killed a seven-headed hydra
 11435 | D:10     | Reached skill level 12 in Maces & Flails
 11458 | D:11     | Killed a cyclops
 11911 | D:11     | Reached ****** piety under Okawaru
 12289 | D:12     | Found a staircase to the Orcish Mines.
 12611 | D:13     | Reached XP level 12. HP: 76/76 MP: 12/12
 12668 | D:13     | Noticed a four-headed hydra
 12675 | D:13     | Killed a four-headed hydra
 12675 | D:13     | Received a gift from Okawaru
 12753 | D:13     | Noticed a centaur warrior
 12764 | D:13     | Killed a centaur warrior
 12940 | D:13     | Reached skill level 13 in Maces & Flails
 13317 | D:13     | Noticed a centaur warrior
 13329 | D:13     | Killed a centaur warrior
 13345 | D:13     | Received a gift from Okawaru
 13441 | D:13     | Noticed a five-headed hydra
 13458 | D:13     | Killed a five-headed hydra
 13780 | D:13     | Noticed an ogre mage
 13783 | D:13     | Noticed a centaur warrior
 13789 | D:13     | Killed an ogre mage
 13790 | D:13     | Reached skill level 1 in Invocations
 13801 | D:13     | Killed a centaur warrior
 13802 | D:13     | Reached skill level 10 in Fighting
 14090 | D:13     | Noticed a centaur warrior
 14108 | D:13     | Killed a centaur warrior
 14108 | D:13     | Received a gift from Okawaru
 14109 | D:13     | Reached XP level 13. HP: 38/82 MP: 13/13
 14336 | D:13     | Reached skill level 14 in Maces & Flails
 15103 | D:14     | Found a huge runed gate.
 15104 | D:14     | Found a huge runed gate.
 15106 | D:14     | Found a huge runed gate.
 15106 | D:14     | Found a huge runed gate.
 15146 | D:14     | Paralysed by a wizard for 2 turns
 15154 | D:14     | Found Eqischur's Gadget Shoppe.
 15168 | D:14     | Received a gift from Okawaru
 15319 | D:14     | Found a huge runed gate.
 15319 | D:14     | Found a huge runed gate.
 15319 | D:14     | Found a huge runed gate.
 15319 | D:14     | Found a huge runed gate.
 15319 | D:14     | Found a huge runed gate.
 15321 | D:14     | Found a huge runed gate.
 15323 | D:14     | Found a huge runed gate.
 15323 | D:14     | Found a huge runed gate.
 15323 | D:14     | Found a huge runed gate.
 15323 | D:14     | Found a huge runed gate.
 15323 | D:14     | Found a huge runed gate.
 15323 | D:14     | Found a huge runed gate.
 15324 | D:14     | Paralysed by a floating eye for 2 turns
 15328 | D:14     | Found a huge runed gate.
 15336 | D:14     | Found a huge runed gate.
 15337 | D:14     | Found a huge runed gate.
 15338 | D:14     | Found a huge runed gate.
 15338 | D:14     | Found a huge runed gate.
 15380 | D:14     | Noticed a vault guard
 15383 | D:14     | Noticed a fire dragon
 15388 | D:14     | Killed a vault guard
 15389 | D:14     | Reached skill level 10 in Armour
 15402 | D:14     | Killed a fire dragon
 15516 | D:14     | Found a gate to the Vaults.
 15645 | D:14     | Noticed a hellephant
 16245 | D:12     | Found a portal to a secret trove of treasure.
 17043 | D:12     | Found a glowing golden altar of the Shining One.
 17220 | Lair:1   | Entered Level 1 of the Lair of Beasts
 18128 | Lair:1   | Received a gift from Okawaru
 18129 | Lair:1   | Reached skill level 15 in Maces & Flails
 18230 | Lair:2   | Found a staircase to the Snake Pit.
 18257 | Lair:2   | Gained mutation: Your large and strong wings let you fly
                  | indefinitely. [Gargoyle growth]
 18257 | Lair:2   | Reached XP level 14. HP: 90/90 MP: 14/14
 18332 | Lair:2   | You fall into a shaft and drop 2 floors!
 18488 | Lair:3   | Found a staircase to the Swamp.
 19717 | Lair:3   | Got a slimy rapier
 19718 | Lair:3   | Identified the +6 rapier "Raofosed" {protect, *Drain rN+++
                  | Str+2 Dex+6} (You found it on level 3 of the Lair of
                  | Beasts)
 20649 | Lair:3   | Received a gift from Okawaru
 21538 | Lair:5   | Reached XP level 15. HP: 96/96 MP: 18/18
 21758 | Lair:5   | Found a staircase to the Slime Pits.
 21918 | Lair:6   | Entered Level 6 of the Lair of Beasts
 21918 | Lair:6   | Found an ancient bone altar of Kikubaaqudgha.
 21952 | Lair:6   | Reached skill level 16 in Maces & Flails
 22300 | Lair:5   | Reached skill level 15 in Shields
 22300 | Lair:5   | Reached skill level 5 in Invocations
 22375 | Lair:6   | Found a dark tunnel.
 22384 | Volcano  | Entered a volcano
 23104 | Lair:6   | Received a gift from Okawaru
 23624 | Lair:6   | Reached skill level 1 in Spellcasting
 23766 | Lair:6   | Received a gift from Okawaru
 24391 | Lair:6   | Found a transporter.
 24393 | Lair:6   | Found a transporter.
 24405 | Lair:6   | Noticed Univ's ghost (journeyman MiBe)
 24928 | Lair:6   | Killed Univ's ghost
 25262 | Orc:1    | Entered Level 1 of the Orcish Mines
 25275 | Orc:1    | Reached XP level 16. HP: 106/106 MP: 21/21
 25391 | Orc:2    | Entered Level 2 of the Orcish Mines
 25712 | Orc:2    | Noticed Erolcha
 25728 | Orc:2    | Killed Erolcha
 25880 | Orc:2    | Found Jaoch's Distillery.
 25880 | Orc:2    | Found Vuzier's Magic Scroll Emporium.
 25955 | Orc:2    | Identified a scroll of acquirement
 25955 | Orc:2    | Acquired the +3 pair of boots of the Bells {rF- Int+3
                  | Slay+3}
 26051 | Orc:2    | Found a roughly hewn altar of Beogh.
 26062 | Orc:2    | Found Utzecza's Magic Scroll Shop.
 26090 | Orc:2    | Found Qeum's Jewellery Emporium.
 26114 | Orc:2    | Found Utadydul's Armour Emporium.
 26141 | Orc:2    | Found a staircase to the Elven Halls.
 26458 | Orc:1    | Reached skill level 15 in Fighting
 26712 | Orc:1    | Noticed Sonja
 26735 | Orc:1    | Killed Sonja
 27120 | Orc:1    | Paralysed by an orc sorcerer for 6 turns
 27126 | Orc:1    | HP: 2/108 [ettin/+2 dire flail of draining (16)]
 27126 | Orc:1    | Killed from afar by a soul eater

Illustrated notes

Levels and vault maps discovered:
D:1:      tarquinn_simple_flora_water_d, layout_loops_ring, minmay_pentomino_w4
D:2:      layout_basic
D:3:      layout_rooms, lemuel_round_altar
D:4:      layout_loops_ring, gammafunk_temple_overflow_claw
D:5:      layout_layer_cave, serial_shops, shop, chequers_serial_rivers_marsh,
          minmay_gold_behind_fungi, uniq_blork_the_orc, uniq_eustachio
D:6:      layout_cave_pools, minmay_temple_entry_ruins, serial_gnoll_camp,
          gnoll_camp_mini_hut, gnoll_camp_mini_basic, gnoll_camp_mini_doghouse,
          gnoll_camp_mini_hut, serial_shops, shop, eino_curves_02
D:7:      layout_basic, elyvilon_altar_5
D:8:      layout_rooms, uniq_maurice
D:9:      layout_rooms, chequers_arboretum, nemelex_xobeh_ov_fountains_minmay
D:10:     layout_irregular_city, erik_lair_orcish_takeover
D:11:     layout_loops_cross, enter_bailey_2
D:12:     layout_layer_cave, zombieorc1_lemuel, trove_entry_hex_spiral,
          tso_altar
D:13:     minmay_concentric_multi, layout_basic, gauntlet_entry_generic
D:14:     layout_rooms, david_vaults_4, minmay_misc_feat_cross, serial_shops,
          shop_statue, not_door_vault_due
Temple:   regret_index_temple_mists
Lair:1:   cheibrodos_lair_river_kwai, layout_hall_layers, grunt_megastairs_3
Lair:2:   layout_misc_corridors, dummy_snake_entry, serial_bayou_shore_a,
          grunt_megastairs_4
Lair:3:   layout_gridlike, minmay_swamp_entry_reptiles, st_stairs_10
Lair:4:   statuecave_lemuel, layout_loops_ring, wad_woods_01, lemuel_fruit_tree
Lair:5:   layout_hall_layers, dpeg_slime_entry_corner
Lair:6:   evilmike_catoblepas_cave, layout_regular_city, gammafunk_ghost_hive,
          basic_altar, enter_volcano_1, pond, lemuel_fruit_fields,
          grunt_megastairs_2, minmay_lair_oklob_chamber
Orc:1:    layout_caves, uniq_sonja
Orc:2:    st_orc_town, layout_caves, serial_shops, shop, uniq_erolcha

Skill      XL: |  1  2  3  4  5  6  7  8  9 10 11 12 13 14 15 16 |
---------------+-------------------------------------------------+-----
Shields        | 4 5 6 8 9 10 12 13 14 15 | 15.0
Maces & Flails | 3 4 6 8 9 10 12 13 15 16 | 16.0
Fighting       | 4 5 6 7 9 10 11 12 14 15 | 15.1
Armour         | 4 5 6 7 8 9 10 11 12 | 12.0
Stealth        | 1 |  1.2
Invocations    | 1 4 7 |  7.3
Spellcasting   | 2 3 |  3.1
Throwing       | |  0.6
Dodging        | |  0.2
Unarmed Combat | |  0.2

Action                   |  1- 3 |  4- 6 |  7- 9 | 10-12 | 13-15 | 16-18 || total
-------------------------+-------+-------+-------+-------+-------+-------++-------
Melee: Flail             |   114 |   250 |   472 |   459 |       |       ||  1295
       Unarmed           |       |       |       |     4 |       |       ||     4
       Morningstar       |       |       |       |   611 |  1429 |       ||  2040
       Demon whip        |       |       |       |       |   389 |   379 ||   768
Throw: Throwing net      |       |       |       |       |     1 |       ||     1
Invok: Heroism           |       |       |       |     5 |     5 |    14 ||    24
  Use: Scroll            |     2 |       |       |     7 |     6 |     5 ||    20
       Potion            |       |       |       |     2 |       |       ||     2
Armor: Scale mail        |    32 |       |       |       |       |       ||    32
       Chain mail        |    36 |   165 |   254 |     2 |       |       ||   457
       Plate armour      |       |       |       |   337 |       |       ||   337
       Gold dragon scale |       |       |       |   260 |  1462 |   227 ||  1949
Dodge: Dodged            |    43 |    87 |   143 |   255 |   402 |    74 ||  1004
Block: Kite shield       |    52 |   161 |   295 |   711 |  1604 |   301 ||  3124

Table legend: (Time is in decaauts)
 A = Elapsed time spent in this place.
 B = Non-inter-level travel time spent in this place.
 C = Inter-level travel time spent in this place.
 D = Time resting spent in this place.
 E = Time spent auto-exploring this place.
 F = Levels seen in this place.
 G = Mean time per level.
                   A        B        C        D        E       F      G
               +--------+--------+--------+--------+--------+-----+--------+
         Total |  26568 |  25485 |   1083 |   2588 |  16609 |  25 | 1062.7 |
       Dungeon |  16478 |  15840 |    638 |   1921 |  10266 |  14 | 1177.0 |
        Temple |    266 |    201 |     65 |      0 |    199 |   1 |  266.0 |
          Lair |   6930 |   6637 |    293 |    300 |   4652 |   6 | 1155.0 |
  Orcish Mines |   1674 |   1588 |     86 |    136 |   1070 |   2 |  837.0 |
        Bailey |    607 |    607 |      0 |    208 |     68 |   1 |  607.0 |
       Volcano |    611 |    611 |      0 |     23 |    353 |   1 |  611.0 |
               +--------+--------+--------+--------+--------+-----+--------+

Top non-repeatable levels by time:
    D:13: 2697 daAuts
  Lair:6: 2054 daAuts
     D:5: 1720 daAuts
     D:7: 1596 daAuts
    D:12: 1498 daAuts
    D:10: 1111 daAuts
   Orc:2: 1109 daAuts
  Lair:3: 1104 daAuts
    D:11: 1032 daAuts
     D:1: 1009 daAuts
  Lair:1: 1001 daAuts
  Lair:5: 993 daAuts
     D:4: 980 daAuts
  Lair:4: 962 daAuts
    D:14: 912 daAuts
